 Dungeon Crawl Stone Soup version 0.28-a0-932-g843f935a50 (webtiles) character file.

Game seed: 11101012860977898092

166 bearlyready the Shooter (level 5, -1/42 HPs)
             Began as a Minotaur Hunter on Nov 28, 2021.
             Succumbed to a gnoll sergeant's poison
             ... on level 3 of the Dungeon.
             The game lasted 00:03:14 (3378 turns).

bearlyready the Shooter (Minotaur Hunter)           Turns: 3378, Time: 00:03:15

Health: -1/42      AC:  6    Str: 17    XL:     5   Next: 22%
Magic:  4/4        EV: 11    Int:  8    God:
Gold:   88         SH:  0    Dex: 11    Spells: 4/4 levels left

rFire   . . .      SeeInvis .   b - +0 quarterstaff
rCold   . . .      Faith    .   (shield currently unavailable)
rNeg    . . .      Spirit   .   c - +0 leather armour
rPois   .          Reflect  .   (helmet restricted)
rElec   .          Harm     .   (no cloak)
rCorr   .          Rampage  .   m - +2 pair of gloves {hurl}
Will    .....                   (no boots)
Stlth   +.........              (no amulet)
HPRegen 0.14/turn               (no ring)
MPRegen 0.09/turn               (no ring)

@: lethally poisoned (-1 -> -33)
A: horns 2, retaliatory headbutt
a: no special abilities


You were on level 3 of the Dungeon.
You visited 1 branch of the dungeon, and saw 3 of its levels.

You collected 116 gold pieces.
You spent 28 gold pieces at shops.

Inventory:

Hand Weapons
 a - a +1 shortbow
 b - a +0 quarterstaff (weapon)
 e - a +0 short sword
Missiles
 d - 53 arrows
 g - 3 atropa-tipped darts (quivered)
Armour
 c - a +0 leather armour (worn)
 m - a +2 pair of gloves of hurling (worn)
Jewellery
 t - a ring of positive energy
Scrolls
 f - 2 scrolls of identify
 j - a scroll of fear {unknown}
 l - 3 scrolls of magic mapping {unknown}
 p - a scroll of teleportation {unknown}
 q - a scroll of torment {unknown}
 r - a scroll of acquirement {unknown}
Potions
 h - a potion of magic {unknown}
 i - a potion of ambrosia {unknown}
 k - 3 potions of cancellation {unknown}
 o - a potion of brilliance {unknown}
 s - a potion of degeneration {unknown}


   Skills:
 - Level 2.4 Fighting
 + Level 3.8 Staves
 + Level 6.1 Bows
 - Level 2.1 Dodging
 - Level 0.7 Stealth


You had 4 spell levels left.
You didn't know any spells.
Your spell library was empty.

Dungeon Overview and Level Annotations

Branches:
Dungeon (3/15)

Altars:
Elyvilon

Shops:
D:1 ?

Annotations:
D:2 1 runed translucent door, Crazy Yiuf


Innate Abilities, Weirdness & Mutations

You have a pair of horns on your head.
You reflexively headbutt those who attack you in melee.


Message History

Things that are here:
a +0 whip; a gnoll skeleton
d - 53 arrows (gained 1)
d - 54 arrows (gained 1)
d - 55 arrows (gained 1)
Things that are here:
a +0 whip; a gnoll skeleton
d - 56 arrows (gained 1)
Things that are here:
a +0 whip; a gnoll skeleton A gnoll sergeant is nearby!
A gnoll sergeant is nearby!
a - a +1 shortbow (weapon)
The gnoll sergeant shouts!
You shoot an arrow. The gnoll sergeant blocks the arrow.
The gnoll sergeant zaps a wand.
The puff of flame misses you.
You shoot an arrow.
The arrow hits the gnoll sergeant but does no damage.
You shoot an arrow.
The arrow hits the gnoll sergeant but does no damage.
The gnoll sergeant hits you from afar with a +3 trident of venom.
You are poisoned.
b - a +0 quarterstaff (weapon)
You feel very sick.
You feel very sick.
The gnoll sergeant hits you with a +3 trident of venom.
You are more poisoned.
Throw: throwing net
Press: ? - help, Q - select action, (/) - cycle Shift-Dir - straight line, f/p - gnoll sergeant
Aim: a gnoll sergeant, wielding a +3 trident of venom, wearing a +3 scale mail, wearing a +0 buckler and carrying a wand of flame (17) (69% to hit)
You throw a throwing net.
The throwing net barely misses the gnoll sergeant.
You feel very sick. The gnoll sergeant closely misses you.
You furiously retaliate!
You headbutt the gnoll sergeant, but do no damage.
You feel very sick.
The gnoll sergeant hits you from afar with a +3 trident of venom!
* * * LOW HITPOINT WARNING * * *
You are more poisoned.
You die...

†..♣♣.P.....# #.# ##
♣.♣♣P.......# #.########
.P..P≈≈(....# #.........
♣♣♣P.b≈.....#
##################
#....<......# #..........[#
#...........# #.#########)#
#...........####.#.....###.#
............(.##.#.#.......####
#...........#g##@#..<#........#
.................#...##.#..##.#
...##########.####......#..##.#
... #.####..###.#..##.#
#.#.......#.#.....#
#.#.###...#.##.####
#.#.#.....#.#....#
#.#.#...#.#.#..#.#
#.#.#####.#.#..#.#


There were no monsters in sight!

Vanquished Creatures
  An iguana (D:2)
  Terence (D:2)
  5 gnolls
  An adder (D:2)
  2 dart slugs (D:1)
  3 endoplasms (D:1)
  A giant cockroach (D:3)
  3 hobgoblins
  4 jackals (D:2)
  A quokka (D:2)
  3 ball pythons
  6 bats
  4 frilled lizards
  9 goblins
  7 kobolds
  13 rats
64 creatures vanquished.

Vanquished Creatures (others)
  A butterfly (D:3)
  2 plants (D:1)
3 creatures vanquished.

Grand Total: 67 creatures vanquished

Notes
Turn   | Place    | Note
-------+----------+-------------------------------------------
     0 | D:1      | bearlyready the Minotaur Hunter began the quest for the
                  | Orb.
     0 | D:1      | Reached XP level 1. HP: 18/18 MP: 0/0
   101 | D:1      | Reached XP level 2. HP: 25/25 MP: 1/1
   241 | D:1      | Found Cidunuz's Magic Scroll Shop.
   250 | D:1      | Bought a scroll of identify for 28 gold pieces
   334 | D:1      | Reached skill level 1 in Staves
   337 | D:1      | Reached skill level 5 in Bows
   434 | D:1      | Reached XP level 3. HP: 30/30 MP: 2/2
   667 | D:1      | Found a faded altar of an unknown god.
  1342 | D:2      | Reached XP level 4. HP: 9/37 MP: 3/3
  1731 | D:2      | Noticed Terence
  1746 | D:2      | Killed Terence
  2121 | D:2      | Found a runed translucent door.
  2122 | D:2      | Noticed Crazy Yiuf
  2313 | D:3      | Found a white marble altar of Elyvilon.
  2335 | D:3      | Noticed a gnoll sergeant
  3107 | D:3      | Reached XP level 5. HP: 37/42 MP: 4/4
  3119 | D:2      | Reached skill level 6 in Bows
  3378 | D:3      | Succumbed to a gnoll sergeant's poison

Illustrated notes

Levels and vault maps discovered:
D:1:      saegor_arrival_simple_b, layout_rooms,
          shapermc_ecumenical_altar_hornbeckon, serial_shops,
          nicolae_shop_trees, nicolae_figureground_pulse
D:2:      layout_basic, uniq_terence, uniq_crazy_yiuf_cottage
D:3:      layout_basic, okawaru_trees_2, nicolae_elyvilon_peaceful_grove

Skill      XL: |  1  2  3  4  5 |
---------------+----------------+-----
Staves         | 1 2 3 |  3.8
Bows           | 5 6 |  6.1
Fighting       | |  2.4
Dodging        | |  2.1
Stealth        | |  0.7

Action                   |  1- 3 |  4- 6 || total
-------------------------+-------+-------++-------
Melee: Quarterstaff      |    89 |    47 ||   136
       Headbutt          |    11 |     7 ||    18
 Fire: Shortbow          |    14 |     8 ||    22
Throw: Dart              |     2 |       ||     2
       Throwing net      |     1 |     2 ||     3
 Stab: Held in net/web   |     1 |       ||     1
       Sleeping          |     1 |       ||     1
Armor: Leather armour    |    35 |     4 ||    39
Dodge: Dodged            |    51 |    31 ||    82

Table legend: (Time is in decaauts)
 A = Elapsed time spent in this place.
 B = Non-inter-level travel time spent in this place.
 C = Inter-level travel time spent in this place.
 D = Time resting spent in this place.
 E = Time spent auto-exploring this place.
 F = Levels seen in this place.
 G = Mean time per level.
                   A        B        C        D        E       F      G
               +--------+--------+--------+--------+--------+-----+--------+
         Total |   3409 |   3245 |    164 |    188 |   2587 |   3 | 1136.3 |
       Dungeon |   3409 |   3245 |    164 |    188 |   2587 |   3 | 1136.3 |
               +--------+--------+--------+--------+--------+-----+--------+

Top non-repeatable levels by time:
     D:2: 1930 daAuts
     D:3: 746 daAuts
     D:1: 732 daAuts
